 Dungeon Crawl Stone Soup version 0.27-a0-732-ga892ba84f6 (webtiles) character file.

Game seed: 15972058912763733434

30627 rageheart7 the Severer (level 13, -2/126 HPs)
             Began as a Hill Orc Fighter on Mar 23, 2021.
             Was a High Priest of Qazlal.
             Slain by an orc knight
             ... wielding a +0 halberd
              (32 damage)
             ... in a bailey.
             The game lasted 00:34:40 (15232 turns).

rageheart7 the Severer (Hill Orc Fighter)          Turns: 15232, Time: 00:34:40

Health: -2/126     AC: 25    Str: 27    XL:     13   Next: 52%
Magic:  16/16      EV:  9    Int:  8    God:    Qazlal [*****.]
Gold:   790        SH: 28    Dex: 10    Spells: 12/12 levels left

rFire    . . .     SeeInvis +   a - +0 war axe
rCold    . . .     Faith    .   p - +3 kite shield
rNeg     . . .     Spirit   .   b - +0 scale mail
rPois    .         Reflect  +   z - +0 helmet
rElec    .         Harm     .   k - +0 cloak
rCorr    .         Rampage  .   d - +2 pair of gloves {Str+3}
Will     +....                  c - +0 pair of boots
Stlth    ..........             i - amulet of reflection
HPRegen  0.31/turn              j - +4 ring of protection
MPRegen  0.15/turn              q - ring of see invisible

@: protected from physical damage, hasted, repel missiles, very quick
A: molten scales 1, strong-willed 1
a: Renounce Religion, Upheaval, Elemental Force, Disaster Area


You were in a bailey.
You worshipped Qazlal.
Qazlal was extremely pleased with you.
You visited 2 branches of the dungeon, and saw 15 of its levels.
You visited the Abyss 1 time.
You also visited: Bailey.

You collected 790 gold pieces.

Inventory:

Hand Weapons
 a - a +0 war axe (weapon)
 n - a +1 whip of electrocution
Armour
 b - a +0 scale mail (worn)
 c - a +0 pair of boots (worn)
 d - a +2 pair of gloves of strength (worn)
 k - a +0 cloak (worn)
 p - a +3 kite shield (worn)
 z - a +0 helmet (worn)
Jewellery
 i - an amulet of reflection (around neck)
 j - a +4 ring of protection (right hand)
 q - a ring of see invisible (left hand)
 w - a ring of protection from fire
Wands
 l - a wand of mindburst (3)
 m - a wand of digging (13)
 s - a wand of acid (20)
Scrolls
 u - a scroll of enchant armour
 x - a scroll of fear
 y - a scroll of immolation
 B - 2 scrolls of amnesia
Potions
 e - 7 potions of mutation
 f - a potion of magic
 g - a potion of invisibility
 h - 2 potions of resistance
 r - 4 potions of curing
 A - a potion of brilliance
 C - 2 potions of attraction
 D - a potion of lignification
 E - a potion of flight


   Skills:
 - Level 15.0 Fighting
 + Level 15.2 Axes
 * Level 9.5 Armour
 - Level 12.7 Shields
 * Level 4.4 Invocations
 + Level 0.1 Evocations


You had 12 spell levels left.
You didn't know any spells.
Your spell library contained the following spells:

 Spells                   Type           Power      Damage    Failure   Level
 Magic Dart               Conj           0%         1d3       75%         1
 Searing Ray              Conj           0%         3d3       86%         2
 Dazzling Flash           Conj/Hex       0%         N/A       98%         3
 Animate Armour           Summ/Erth      0%         N/A       100%        4
 Fulminant Prism          Conj/Hex       0%         3d6       100%        4
 Iskenderun's Mystic Bla  Conj/Tloc      0%         2d3       100%        4
 Leda's Liquefaction      Hex/Erth       0%         N/A       100%        4
 Bolt of Magma            Conj/Fire/Erth 0%         4d4       100%        5
 Iron Shot                Conj/Erth      0%         9d1       100%        6
 Statue Form              Tmut/Erth      0%         N/A       100%        6
 Shatter                  Erth           0%         3d5*      100%        9


Dungeon Overview and Level Annotations

Branches:
Dungeon (14/15)            Temple (1/1) D:4            Lair (0/6) D:8
    Orc (0/2) D:12         Bailey (1/1)
 Vaults: D:13-14

Altars:
Ashenzari
Cheibriados
Dithmenos
Elyvilon
Fedhas
Gozag
Hepliaklqana
Kikubaaqudgha
Makhleb
Nemelex Xobeh
Okawaru
Qazlal
Ru
Sif Muna
Trog
Uskayaw
Vehumet
Wu Jian
Xom
Yredelemnul
Zin
The Shining One

Shops:
D:9 *   D:11 =   D:13 :


Innate Abilities, Weirdness & Mutations

You are partially covered in molten scales. (AC +2)
You are strong-willed. (Will+)


Message History

The orc knight no longer looks unusually strong.
The orc knight roars a battlecry!
The orcs go into a battle-frenzy!
You block the orc knight's attack.
You slash the orc knight!
The orc knight is moderately wounded.
You slash the orc knight! You block the orc knight's attack. x2
You slice the orc knight!!
The orc knight is heavily wounded.
You hit the orc knight but do no damage.
You block the orc knight's attack. x2
You barely miss the orc knight.
The orc knight is heavily wounded.
Your shield and scale mail prevent you from hitting the orc knight.
You miss the orc knight.
The orc knight is heavily wounded.
You hit the orc knight but do no damage.
The orc knight hits you with a +0 halberd!!
* * * LOW HITPOINT WARNING * * *
You feel protected from physical attacks.
You block the orc knight's attack.
You slash the orc knight!
The orc knight is severely wounded.
You slash the orc knight! You slice the orc knight!!
The orc knight is almost dead.
You closely miss the orc knight. You block the orc knight's attack.
You completely miss the orc knight.
The orc knight is heavily wounded.
You barely miss the orc knight. You barely miss the orc knight.
The orc knight is heavily wounded.
You barely miss the orc knight.
The orc knight no longer looks unusually strong.
The orc knight cheers repeatedly, as Orcs often do.
You block the orc warrior's attack.
The orc knight roars a battlecry!
The orc knight goes into a battle-frenzy!
The orc knight hits you with a +0 halberd!!
You die...

### ##### ##∩##
#####
.....##.∩.##.....
.≈≈≈..#)○.#..≈≈≈.
≈≈.≈≈○.o)§).≈≈.≈≈
≈.oo≈..@.o..≈)∩.≈
≈≈)≈≈.o...).≈≈.≈≈
.≈≈≈.°#§○°#..≈≈≈.
.....##...##.....
##### ##∩## #####
###


You could see 3 orc knights and 2 orc warriors.

Vanquished Creatures
  A stone giant (D:10)
  Snorg (D:10)
  An ogre mage (D:13)
  3 death yaks
  A catoblepas (D:13)
  A queen ant (D:11)
  2 two-headed ogres (D:12)
  A thrashing horror (Abyss:2)
  2 unseen horrors
  2 orc knights
  Pikel (D:8)
  A wizard (D:10)
  A deep elf zephyrmancer (D:10)
  A manticore (D:13)
  2 ugly things
  4 cyclopes
  A smoke demon (Abyss:2)
  2 centaur zombies
  3 gargoyles
  Psyche (D:10)
  A kobold demonologist (D:10)
  A yaktaur (D:13)
  A hornet (D:11)
  3 trolls
  8 slime creatures (D:12)
  Grinder (D:3)
  A raiju (shapeshifter) (D:13)
  Prince Ribbit (D:5)
  Sigmund (D:4)
  2 shadows (D:11)
  3 water elementals (D:11)
  10 yaks
  A basilisk (D:12)
  A neqoxec (Abyss:2)
  2 vampire mosquitoes (D:12)
  2 large abominations (Abyss:2)
  A steam dragon (D:9)
  A human (D:13)
  An acid dragon (D:13)
  5 soldier ants (D:11)
  8 orc warriors
  2 ice beasts (D:6)
  4 sky beasts
  3 ogres
  A black bear (D:12)
  10 centaurs
  A phantom (D:9)
  2 lemures (D:8)
  10 bullfrogs
  A small abomination (Abyss:2)
  22 kobold brigands
  A gnoll sergeant (D:10)
  A wyvern zombie (D:11)
  4 scorpions
  13 killer bees
  A howler monkey (D:10)
  A bullfrog zombie (D:5)
  3 orc priests
  8 hounds
  2 centaur skeletons
  4 bullfrog skeletons
  3 iguanas
  Natasha (thrice) (D:4)
  5 orc wizards
  3 hell rats (D:8)
  28 worker ants
  Terence (D:3)
  A hound zombie (D:10)
  A hound skeleton (D:6)
  2 worker ant zombies
  3 river rats (D:8)
  15 adders
  4 gnolls
  A shadow imp (D:7)
  2 white imps
  An adder zombie (D:5)
  An adder skeleton (D:4)
  2 worms (D:4)
  2 dart slugs
  30 orcs
  5 giant cockroaches
  5 goblins
  7 hobgoblins
  5 jackals
  22 kobolds
  3 oozes
  17 quokkas
  4 ball pythons
  5 bats
  5 frilled lizards
  A jackal skeleton (D:6)
  A quokka skeleton (D:4)
  A quokka zombie (D:7)
  3 rats
373 creatures vanquished.

Notes
Turn   | Place    | Note
-------+----------+-------------------------------------------
     0 | D:1      | rageheart7 the Hill Orc Fighter began the quest for the
                  | Orb.
     0 | D:1      | Reached XP level 1. HP: 19/19 MP: 1/1
   154 | D:1      | Reached XP level 2. HP: 24/26 MP: 2/2
   840 | D:1      | Reached XP level 3. HP: 34/34 MP: 3/3
  1784 | D:3      | Noticed Grinder
  1828 | D:3      | Found an iron altar of Okawaru.
  1878 | D:3      | Reached XP level 4. HP: 41/41 MP: 4/4
  1920 | D:3      | Killed Grinder
  1921 | D:3      | Reached skill level 5 in Fighting
  1921 | D:3      | Reached XP level 5. HP: 8/48 MP: 5/5
  1921 | D:3      | Reached XP level 6. HP: 9/56 MP: 6/6
  1955 | D:3      | Identified a scroll of acquirement
  1955 | D:3      | Acquired a +2 pair of gloves of strength
  2341 | D:3      | Noticed Terence
  2353 | D:3      | Killed Terence
  2562 | D:3      | Found a shimmering altar of Xom.
  2960 | D:4      | Found a staircase to the Ecumenical Temple.
  2969 | Temple   | Entered the Ecumenical Temple
  3186 | Temple   | Became a worshipper of Qazlal Stormbringer
  3695 | D:4      | Noticed Natasha
  3703 | D:4      | Killed Natasha
  3704 | D:4      | Reached XP level 7. HP: 46/63 MP: 7/7
  3770 | D:4      | Noticed Natasha
  3774 | D:4      | Killed Natasha
  4024 | D:4      | Noticed Sigmund
  4031 | D:4      | Killed Sigmund
  4246 | D:4      | Noticed Natasha
  4257 | D:4      | Killed Natasha
  4495 | D:4      | Gained mutation: You are strong-willed. (Will+) [potion of
                  | mutation]
  4495 | D:4      | Gained mutation: You are partially covered in molten
                  | scales. (AC +2) [potion of mutation]
  4578 | D:5      | Entered Level 5 of the Dungeon
  4590 | D:5      | Reached skill level 10 in Axes
  4590 | D:5      | Reached XP level 8. HP: 71/71 MP: 8/8
  4606 | D:5      | Reached * piety under Qazlal
  4989 | D:5      | Noticed Prince Ribbit
  4995 | D:5      | Killed Prince Ribbit
  5777 | D:6      | Reached XP level 9. HP: 12/81 MP: 9/9
  6636 | D:6      | Reached ** piety under Qazlal
  7961 | D:8      | Reached skill level 10 in Fighting
  8106 | D:8      | Noticed a death yak
  8107 | D:8      | Noticed a death yak
  8109 | D:8      | Found a staircase to the Lair.
  8110 | D:8      | Noticed a death yak
  8178 | D:7      | Killed a death yak
  8179 | D:7      | Reached XP level 10. HP: 54/96 MP: 10/10
  8192 | D:8      | Reached *** piety under Qazlal
  8199 | D:8      | Killed a death yak
  8218 | D:8      | HP: 4/97 [death yak (5)]
  8220 | D:8      | Killed a death yak
  8793 | D:9      | Noticed Pikel
  8809 | D:8      | Killed Pikel
  8853 | D:9      | Noticed a gargoyle
  8860 | D:9      | Killed a gargoyle
  8932 | D:9      | Found Etan Ati's General Store.
  8947 | D:9      | Found a shadowy altar of Dithmenos.
  9115 | D:9      | Found a shimmering blue altar of Sif Muna.
  9492 | D:10     | Entered Level 10 of the Dungeon
  9715 | D:10     | Noticed Snorg
  9725 | D:10     | Killed Snorg
  9726 | D:10     | Reached skill level 5 in Shields
  9726 | D:10     | Reached XP level 11. HP: 60/108 MP: 11/11
  9908 | D:10     | Noticed a wizard
  9910 | D:10     | Noticed a cyclops
  9916 | D:10     | Cast into level 2 of the Abyss (a wizard)
  9916 | Abyss:2  | Found a corrupted altar of Lugonu.
  9940 | Abyss:2  | Noticed a thrashing horror
  9966 | Abyss:2  | Killed a thrashing horror
 10000 | Abyss:2  | Reached skill level 5 in Armour
 10094 | Abyss:2  | Noticed a large abomination
 10105 | Abyss:2  | Noticed a worldbinder
 10120 | Abyss:2  | Killed a large abomination
 10142 | Abyss:2  | Noticed a bone dragon
 10148 | D:10     | Escaped the Abyss
 10169 | D:10     | Killed a cyclops
 10174 | D:10     | Killed a wizard
 10206 | D:10     | Found a large runed translucent door.
 10207 | D:10     | Found a large runed translucent door.
 10464 | D:10     | Reached **** piety under Qazlal
 10613 | D:10     | Noticed Psyche
 10625 | D:10     | Killed Psyche
 10902 | D:10     | Noticed an unseen horror
 10919 | D:10     | Killed an unseen horror
 11076 | D:10     | Noticed a green ugly thing
 11082 | D:10     | Killed a green ugly thing
 11108 | D:10     | Reached XP level 12. HP: 111/118 MP: 12/12
 11490 | D:10     | Found an ancient bone altar of Kikubaaqudgha.
 11490 | D:10     | Noticed a stone giant
 11501 | D:10     | Killed a stone giant
 11502 | D:10     | Reached skill level 15 in Fighting
 11503 | D:10     | Reached skill level 10 in Shields
 11864 | D:10     | Found a burning altar of Makhleb.
 11952 | D:11     | Found a gate leading to a gauntlet.
 12062 | D:11     | Found Raimeuca's Jewellery Boutique.
 12559 | D:11     | Noticed a queen ant
 12593 | D:11     | Killed a queen ant
 12603 | D:11     | Reached ***** piety under Qazlal
 12651 | D:11     | Found an ancient bone altar of Kikubaaqudgha.
 13204 | D:12     | Noticed a two-headed ogre
 13218 | D:12     | Killed a two-headed ogre
 13331 | D:12     | Found a white marble altar of Elyvilon.
 13369 | D:12     | Found a staircase to the Orcish Mines.
 13472 | D:12     | Found a sacrificial altar of Ru.
 13491 | D:12     | Reached XP level 13. HP: 118/126 MP: 13/13
 13512 | D:12     | Reached skill level 1 in Invocations
 14725 | D:13     | Noticed a vault guard
 14733 | D:13     | Noticed a vault guard
 14853 | D:13     | Found Geggerr's Book Emporium.
 14906 | D:13     | Reached skill level 15 in Axes
 15168 | D:14     | Found a flagged portal.
 15173 | Bailey   | Entered a bailey
 15232 | Bailey   | Slain by an orc knight

Illustrated notes

Levels and vault maps discovered:
D:1:      dpeg_arrival_radiant, layout_loops_corners
D:2:      layout_basic, minmay_misc_feat_nine_boxes
D:3:      layout_rooms, nicolae_overflow_hidden_temple,
          overflow_temple_1_default, chequers_serial_rivers_room_a,
          uniq_grinder, uniq_terence
D:4:      minmay_octagon_keep, layout_layer_cave, minmay_temple_entry_junction,
          serial_glass, glass_columns_a, glass_columns_b, glass_columns_b,
          glass_columns_b, glass_columns_b, glass_columns_a, glass_columns_b,
          glass_columns_a, glass_columns_b, glass_columns_a, glass_columns_a,
          glass_columns_b, glass_columns_c, glass_columns_a, sigmund_army,
          uniq_natasha
D:5:      layout_basic, uniq_prince_ribbit1
D:6:      layout_loops_corners, kennysheep_generic_room_10
D:7:      layout_basic, skrybe_limestone_x, chequers_serial_rivers_micro_b
D:8:      layout_rooms, dpeg_lair_monsters
D:9:      layout_irregular_city, general_overflow_altar,
          nicolae_dithmenos_shadow_blocks, serial_shops, shop, uniq_pikel
D:10:     layout_loops_ring, special_room [special_room_kobold],
          roderic_serpentine_path, jmf_multi_god_temple2, uniq_snorg,
          uniq_psyche
D:11:     layout_basic, serial_shops, shop, basic_altar, gauntlet_entry_generic,
          minmay_another_anthill
D:12:     layout_long_grid, orc_0_dummy, basic_altar, st_stairs_7,
          hangedman_ru_absence
D:13:     layout_roguey, grunt_vaults_entry_fortified, serial_shops,
          kennysheep_mini
D:14:     layout_basic, enter_bailey_2, lemuel_tele_altar, serial_shops,
          nicolae_shop_temple_entry_statues_fountains
Temple:   dpeg_five_rooms_temple
Bailey:   bailey_polearm_4, bailey

Skill      XL: |  1  2  3  4  5  6  7  8  9 10 11 12 13 |
---------------+----------------------------------------+-----
Fighting       | 4 5 6 8 11 13 14 15 | 15.0
Axes           | 3 4 7 8 10 12 14 15 | 15.2
Shields        | 5 9 12 | 12.7
Armour         | 4 6 8 9 |  9.5
Invocations    | 4 |  4.4
Evocations     | |  0.1

Action                   |  1- 3 |  4- 6 |  7- 9 | 10-12 | 13-15 || total
-------------------------+-------+-------+-------+-------+-------++-------
Melee: War axe           |   118 |   115 |   336 |   629 |   199 ||  1397
Invok: Upheaval          |       |       |       |     1 |       ||     1
Evoke: Wand              |       |       |       |       |    17 ||    17
  Use: Potion            |       |     3 |     5 |     6 |     1 ||    15
       Scroll            |       |     3 |     8 |     5 |     3 ||    19
 Stab: Invisible         |       |       |     4 |     4 |       ||     8
Armor: Scale mail        |    65 |    55 |   137 |   127 |    26 ||   410
Dodge: Dodged            |    64 |    37 |    86 |    78 |    17 ||   282
       Repelled          |       |       |       |     2 |     2 ||     4
Block: Kite shield       |    53 |       |   138 |   197 |   201 ||   589
       Buckler           |     5 |    17 |    69 |   281 |     4 ||   376
       Reflection        |       |       |    12 |    20 |    22 ||    54

Table legend: (Time is in decaauts)
 A = Elapsed time spent in this place.
 B = Non-inter-level travel time spent in this place.
 C = Inter-level travel time spent in this place.
 D = Time resting spent in this place.
 E = Time spent auto-exploring this place.
 F = Levels seen in this place.
 G = Mean time per level.
                   A        B        C        D        E       F      G
               +--------+--------+--------+--------+--------+-----+--------+
         Total |  15174 |  14612 |    562 |   1861 |   9967 |  17 |  892.6 |
       Dungeon |  14641 |  14130 |    511 |   1861 |   9736 |  14 | 1045.8 |
        Temple |    269 |    218 |     51 |      0 |    212 |   1 |  269.0 |
         Abyss |    210 |    210 |      0 |      0 |     19 |   1 |  210.0 |
        Bailey |     52 |     52 |      0 |      0 |      0 |   1 |   52.0 |
               +--------+--------+--------+--------+--------+-----+--------+

Top non-repeatable levels by time:
    D:10: 2138 daAuts
     D:4: 1587 daAuts
     D:6: 1458 daAuts
    D:11: 1273 daAuts
     D:1: 1157 daAuts
    D:12: 1142 daAuts
     D:5: 1012 daAuts
     D:8: 973 daAuts
     D:3: 922 daAuts
    D:13: 779 daAuts
     D:7: 774 daAuts
     D:2: 728 daAuts
     D:9: 686 daAuts
  Temple: 269 daAuts
 Abyss:2: 210 daAuts
